 Dungeon Crawl Stone Soup version 0.27.1-34-g3ba077fa99 (webtiles) character file.

Game seed: 11060996342315247894

4704 Mitsuki the Protected (level 10, -1/90 HPs)
             Began as a Minotaur Fighter on Dec 10, 2021.
             Was a Believer of Makhleb.
             Slain by a small abomination (11 damage)
             ... on level 2 of the Abyss on Jan 7, 2022.
             The game lasted 00:26:50 (8227 turns).

Mitsuki the Protected (Minotaur Fighter)            Turns: 8227, Time: 00:26:51

Health: -1/90      AC: 13    Str: 25    XL:     10   Next: 21%
Magic:  13/13      EV: 10    Int:  5    God:    Makhleb [**....]
Gold:   382        SH: 11    Dex:  9    Spells: 9/9 levels left

rFire    . . .     SeeInvis .   F - +4 long sword
rCold    . . .     Faith    .   c - +0 kite shield
rNeg     . . .     Spirit   .   L - +0 steam dragon scales
rPois    +         Reflect  .   (helmet restricted)
rElec    .         Harm     .   n - +2 cloak
rCorr    +         Rampage  .   k - +0 pair of gloves
Will     .....                  y - +0 pair of boots
Stlth    +.........             a - amulet of regeneration
HPRegen  1.25/turn              x - ring of resist corrosion
MPRegen  0.13/turn              E - ring of poison resistance

@: about to teleport
A: horns 2, retaliatory headbutt
a: Renounce Religion, Minor Destruction


You were on level 2 of the Abyss.
You worshipped Makhleb.
Makhleb was pleased with you.
You visited 2 branches of the dungeon, and saw 10 of its levels.
You visited the Abyss 1 time.

You collected 382 gold pieces.

Inventory:

Hand Weapons
 w - the +1 war axe "Leviticus" {vorpal, rC+ Int-3 SInv}
   (You found it on level 4 of the Dungeon)

   It inflicts extra damage upon your enemies.
   Int:       It affects your intelligence (-3).
   rC:        It protects you from cold.
   SInv:      It lets you see invisible.
 F - a +4 long sword (weapon)
Armour
 c - a +0 kite shield (worn)
 k - a +0 pair of gloves (worn)
 n - a +2 cloak (worn)
 y - a +0 pair of boots (worn)
 L - +0 steam dragon scales (worn)
Jewellery
 a - an amulet of regeneration (around neck)
 t - a ring of fire
 x - a ring of resist corrosion (left hand)
 E - a ring of poison resistance (right hand)
 H - a ring of willpower
Wands
 b - a wand of iceblast (18)
Scrolls
 e - 2 scrolls of teleportation
 f - a scroll of blinking {unknown}
 g - 2 scrolls of fear
 h - 2 scrolls of enchant armour {unknown}
 i - 2 scrolls of summoning
 j - 3 scrolls of immolation {unknown}
 l - a scroll of noise {unknown}
 o - a scroll of torment {unknown}
 u - a scroll of fog {unknown}
 v - a scroll of magic mapping {unknown}
 A - a scroll of silence {unknown}
 B - a scroll of enchant weapon {unknown}
 C - a scroll of acquirement {unknown}
 D - a scroll of vulnerability {unknown}
 I - 2 scrolls of identify
Potions
 d - a potion of cancellation
 m - 3 potions of brilliance
 p - a potion of might
 q - 3 potions of curing
 r - a potion of attraction {unknown}
 z - 2 potions of lignification {unknown}
 G - a potion of berserk rage {unknown}
 K - a potion of flight {unknown}


   Skills:
 + Level 8.8 Fighting
 + Level 8.5 Long Blades
 + Level 9.0 Armour
 + Level 8.8 Shields
 + Level 6.2 Invocations
 + Level 1.3 Evocations


You had 9 spell levels left.
You didn't know any spells.
Your spell library contained the following spells:

 Spells                   Type           Power      Damage    Failure   Level
 Foxfire                  Conj/Fire      0%         2x1d4     75%         1
 Passwall                 Tmut/Erth      0%         N/A       87%         2
 Conjure Flame            Conj/Fire      0%         6-21      98%         3
 Ignite Poison            Fire/Tmut/Pois 0%         N/A       98%         3
 Inner Flame              Hex/Fire       0%         N/A       98%         3
 Mephitic Cloud           Conj/Pois/Air  0%         N/A       98%         3
 Swiftness                Air            0%         N/A       98%         3
 Bolt of Magma            Conj/Fire/Erth 0%         4d4       100%        5
 Invisibility             Hex            0%         N/A       100%        6


Dungeon Overview and Level Annotations

Branches:
Dungeon (9/15)             Temple (1/1) D:5
   Lair: D:8-11         Orc: D:9-12

Altars:
Ashenzari
Cheibriados
Dithmenos
Elyvilon
Fedhas
Gozag
Hepliaklqana
Kikubaaqudgha
Makhleb
Nemelex Xobeh
Okawaru
Qazlal
Ru
Sif Muna
Trog
Uskayaw
Vehumet
Wu Jian
Xom
Yredelemnul
Zin
The Shining One

Shops:
D:5 =   D:7 *

Annotations:
D:7 3 runed translucent doors, brob1's ghost, novice DjFE
D:9 Erolcha


Innate Abilities, Weirdness & Mutations

You have a pair of horns on your head.
You reflexively headbutt those who attack you in melee.


Message History

The large abomination hits you!!
You take 24 damage, and have 41/90 hp.
MASSIVE DAMAGE!!
You regained 2 hp, and now have 43/90 hp.
As you read the scroll of teleportation, it crumbles to dust.
You feel strangely unstable.
You feel the power of the Abyss delaying your translocation!
The large abomination hits you but does no damage.
Found 16 bolts.
A small abomination and a large abomination come into view.
You see here 16 bolts.
You regained 2 hp, and now have 48/90 hp.
The large abomination hits you!
You block the large abomination's attack.
The large abomination hits you!
* * * LOW HITPOINT WARNING * * *
You take 24 damage, and have 24/90 hp.
MASSIVE DAMAGE!!
A thrashing horror comes into view.
The small abomination hits you!
* * * LOW HITPOINT WARNING * * *
The large abomination barely misses you.
You furiously retaliate!
You headbutt the large abomination.
You riposte.
The thrashing horror roars!
You hit the large abomination.
The large abomination is moderately damaged.
You take 8 damage, and have 16/90 hp.
The small abomination hits you.
* * * LOW HITPOINT WARNING * * *
You take 2 damage, and have 14/90 hp.
The small abomination hits you.
* * * LOW HITPOINT WARNING * * *
Found a quarterstaff.
A small abomination comes into view.
You regained 2 hp, and now have 20/90 hp.
The small abomination hits you.
* * * LOW HITPOINT WARNING * * *
You take 2 damage, and have 18/90 hp.
The small abomination hits you!
* * * LOW HITPOINT WARNING * * *
The small abomination hits you!
You die...

..≈≈≈≈ . ...≈#≈
#.# # ....≈# ....#
..... ## . #... .#
#.. # .# ##.## #.#
##..@#########.
.#...xx#....#.#.
.§§.......X#.###.#
..3#.)...#.##XX##(
.. ##...###X...h.#
. ##.## ###.##.#
#.. #...... #...
..##.##. ..... . .
.# #


You could see a thrashing horror, a large abomination, a ynoxinul and 2 small
abominations.

Vanquished Creatures
  A two-headed ogre (D:8)
  Pikel (D:8)
  An ugly thing (D:6)
  Maggie (D:7)
  A yak (D:8)
  A steam dragon (D:7)
  Duvessa (D:5)
  A water moccasin (D:6)
  An orc warrior (D:7)
  2 ice beasts
  5 ogres
  A necrophage (D:7)
  A centaur (D:6)
  A lemure (D:8)
  A kobold brigand (D:7)
  A bullfrog (D:6)
  3 scorpions
  A wyvern zombie (D:8)
  A water moccasin zombie (D:5)
  Dowan (D:5)
  5 killer bees
  2 howler monkeys (D:6)
  4 wights
  A quasit (Abyss:2)
  2 centaur zombies (D:7)
  A jelly (D:5)
  2 hounds
  Crazy Yiuf (D:2)
  4 orc priests
  2 iguanas
  5 orc wizards
  A small abomination (Abyss:2)
  A howler monkey zombie (D:7)
  4 adders
  An ufetubus (D:5)
  3 adder skeletons
  2 dart slugs
  30 orcs
  3 bats
  5 endoplasms
  4 giant cockroaches
  6 goblins
  3 hobgoblins
  6 jackals
  5 quokkas
  5 ball pythons
  3 frilled lizards
  7 kobolds
  5 rats
150 creatures vanquished.

Vanquished Creatures (others)
  14 starspawn tentacles (Abyss:2)
14 creatures vanquished.

Grand Total: 164 creatures vanquished

Notes
Turn   | Place    | Note
-------+----------+-------------------------------------------
     0 | D:1      | Mitsuki the Minotaur Fighter began the quest for the Orb.
     0 | D:1      | Reached XP level 1. HP: 19/19 MP: 0/0
    13 | D:1      | Upgraded the game from 0.27.1-33-g824d729ab1 to
                  | 0.27.1-34-g3ba077fa99
   259 | D:1      | Reached XP level 2. HP: 22/27 MP: 1/1
  1257 | D:2      | Reached skill level 4 in Armour
  1409 | D:2      | Reached XP level 3. HP: 30/33 MP: 2/2
  1686 | D:2      | Found a faded altar of an unknown god.
  1928 | D:2      | Found a runed translucent door.
  1929 | D:2      | Noticed Crazy Yiuf
  2171 | D:2      | Killed Crazy Yiuf
  2261 | D:3      | Reached XP level 4. HP: 40/40 MP: 3/3
  2449 | D:3      | You fall into a shaft and drop 2 floors!
  2449 | D:5      | Entered Level 5 of the Dungeon
  2462 | D:5      | Found a staircase to the Ecumenical Temple.
  2475 | Temple   | Entered the Ecumenical Temple
  2527 | Temple   | Became a worshipper of Makhleb the Destroyer
  2669 | D:5      | Found a radiant altar of Vehumet.
  2694 | D:5      | Noticed Dowan
  2723 | D:5      | Noticed Duvessa
  2728 | D:5      | Killed Dowan
  2738 | D:5      | HP: 1/41 [Duvessa (5)]
  2741 | D:5      | Killed Duvessa
  2742 | D:5      | Reached skill level 1 in Invocations
  2742 | D:5      | Reached XP level 5. HP: 2/47 MP: 3/5
  3110 | D:5      | Reached skill level 5 in Armour
  3110 | D:5      | Reached skill level 5 in Shields
  3110 | D:5      | Reached XP level 6. HP: 39/55 MP: 6/6
  3203 | D:5      | Reached skill level 5 in Fighting
  4101 | D:4      | Reached * piety under Makhleb
  4544 | D:4      | Identified the +1 war axe "Leviticus" {vorpal, rC+ Int-3
                  | SInv}
  4634 | D:5      | Reached XP level 7. HP: 46/61 MP: 7/7
  4809 | D:5      | Reached skill level 5 in Long Blades
  5350 | D:5      | Found Widuxzy's Jewellery Boutique.
  5386 | D:5      | Reached skill level 6 in Armour
  5783 | D:6      | Reached XP level 8. HP: 70/70 MP: 9/9
  6390 | D:7      | Reached skill level 7 in Armour
  6416 | D:6      | Reached ** piety under Makhleb
  6562 | D:7      | Found Uheucvy's Neck Hole.
  6683 | D:7      | Noticed brob1's ghost (novice DjFE)
  6692 | D:7      | Found a runed translucent gate.
  6692 | D:7      | Found a runed translucent gate.
  6692 | D:7      | Found a runed translucent gate.
  6706 | D:7      | Reached XP level 9. HP: 76/79 MP: 11/11
  7016 | D:8      | Noticed Pikel
  7039 | D:8      | Killed Pikel
  7040 | D:8      | Reached skill level 8 in Armour
  7040 | D:8      | Reached skill level 5 in Invocations
  7144 | D:8      | Noticed a green ugly thing
  7249 | D:6      | Killed a green ugly thing
  7341 | D:8      | Noticed Maggie
  7354 | D:7      | Killed Maggie
  7424 | D:8      | Reached XP level 10. HP: 90/90 MP: 13/13
  7514 | D:8      | Noticed a two-headed ogre
  7519 | D:8      | Killed a two-headed ogre
  7520 | D:8      | Reached skill level 1 in Evocations
  7703 | D:9      | Noticed Erolcha
  7710 | D:8      | Cast into level 2 of the Abyss (Erolcha)
  7950 | Abyss:2  | Noticed a tentacled starspawn
  7950 | Abyss:2  | Noticed an orange demon
  7957 | Abyss:2  | Noticed a bone dragon
  7964 | Abyss:2  | Noticed an apocalypse crab
  7964 | Abyss:2  | Noticed a tentacled starspawn
  8109 | Abyss:2  | Reached skill level 9 in Armour
  8180 | Abyss:2  | Noticed an apocalypse crab
  8192 | Abyss:2  | Noticed a large abomination
  8207 | Abyss:2  | Noticed a wretched star
  8217 | Abyss:2  | Noticed a large abomination
  8219 | Abyss:2  | Noticed a thrashing horror
  8227 | Abyss:2  | Slain by a small abomination

Illustrated notes

Levels and vault maps discovered:
D:1:      amcnicky_arrival_gap_in_the_tavern_cellar, layout_basic
D:2:      layout_basic, hellmonk_ecumenical_altar_leap_of_faith,
          kennysheep_crisscross, hangedman_abyss_or_decor_stabs, minivault_27,
          uniq_crazy_yiuf_cottage
D:3:      layout_loops_ring
D:4:      layout_cave_pools
D:5:      layout_basic, mainiacjoe_overflow_24_doors, temple_fountains,
          serial_shops, nicolae_take_the_stairs, uniq_duvessa
D:6:      layout_cave_pools
D:7:      layout_cave_pools, gammafunk_ghost_icy,
          nicolae_shop_sticking_my_neck_out
D:8:      layout_rooms, uniq_pikel, uniq_maggie
D:9:      layout_cave_pools, erik_lair_dragon, orc_0_dummy,
          corexii_checkpoint_a, chequers_serial_rivers_micro_c, uniq_erolcha
Temple:   kilobyte_greek_temple
Abyss:2:  base: D:1, minivault_4, minivault_4

Skill      XL: |  1  2  3  4  5  6  7  8  9 10 |
---------------+-------------------------------+-----
Long Blades    | 3 4 5 6 8 |  8.5
Armour         | 4 5 6 7 8 9 |  9.0
Shields        | 4 5 6 7 8 |  8.8
Fighting       | 4 5 6 7 8 |  8.8
Invocations    | 1 2 3 4 6 |  6.2
Evocations     | 1 |  1.3

Action                   |  1- 3 |  4- 6 |  7- 9 | 10-12 || total
-------------------------+-------+-------+-------+-------++-------
Melee: Long sword        |    69 |   115 |   253 |    19 ||   456
       Headbutt          |    17 |    23 |    56 |     6 ||   102
Evoke: Wand              |       |       |       |     5 ||     5
  Use: Potion            |       |     2 |       |     2 ||     4
       Scroll            |       |       |     5 |     2 ||     7
Armor: Scale mail        |    30 |    60 |    92 |       ||   182
       Chain mail        |       |       |    70 |       ||    70
       Steam dragon scal |       |       |     1 |    21 ||    22
Dodge: Dodged            |    17 |    35 |   113 |    19 ||   184
Block: Kite shield       |    29 |    73 |   174 |    17 ||   293
       Rpst.: Long sword |     5 |     9 |    32 |     5 ||    51
